AoeStats
← Tyler8274

Arena

510015928Analyzed
1v1 RM · 4d ago on Sep 29, 2026· 21m 47s· 2 players
Game mode
Random Map
Map size
Tiny (2 player)
Population
200
Speed
Normal
Resources
Standard
Victory
Conquest
Starting age
Dark Age
Ending age
Imperial Age
RankedLock teamsTeams togetherTeam positionsShared explorationLock speedFull tech treeHidden civsTurbo modeCheats
Victory
Defeat
🇧🇩 Malians · Bangladesh
883
+17
🇺🇸 Goths · United States
908
-48
RFK0076
11:01 Feudal Age
15:26 Castle Age
13:50 Double-Bit Axe
14:42 Horse Collar
19:34 Loom
Tyler8274
3:28 Loom
10:43 Feudal Age
11:33 Horse Collar
11:39 Double-Bit Axe
17:52 Fletching
18:02 Padded Archer Armor
20:31 Castle Age
20:41 Pikeman
Connection lost

Rejoining the realm…

Still unreachable

The connection could not be restored.

Session expired

The server has moved on; the page needs a fresh start.